 Dungeon Crawl Stone Soup version 0.28.0-53-g5a82cb258f (webtiles) character file.

Game seed: 9147596436451930392

7 gobodom the Stinger (level 1, 0/13 HPs)
             Began as a Demonspawn Venom Mage on June 10, 2022.
             Slain by a bat (1 damage)
             ... on level 1 of the Dungeon.
             The game lasted 00:02:40 (568 turns).

gobodom the Stinger (Demonspawn Venom Mage)          Turns: 568, Time: 00:02:41

Health: 0/13       AC:  2    Str:  8    XL:     1   Next: 83%
Magic:  0/3        EV: 12    Int: 16    God:
Gold:   0          SH:  0    Dex: 13    Spells: 3/4 levels left

rFire   . . .      SeeInvis .   (no weapon)
rCold   . . .      Faith    .   (no shield)
rNeg    . . .      Spirit   .   a - +0 robe
rPois   .          Reflect  .   (no helmet)
rElec   .          Harm     .   (no cloak)
rCorr   .          Rampage  .   (no gloves)
Will    .....                   (no boots)
Stlth   ++........              (no amulet)
HPRegen 0.04/turn               (no ring)
MPRegen 0.08/turn               (no ring)

@: no status effects
A: no striking features
a: no special abilities


You were on level 1 of the Dungeon.
You visited 1 branch of the dungeon, and saw 1 of its levels.

Inventory:

Armour
 a - a +0 robe (worn)


   Skills:
 + Level 1.8 Dodging
 + Level 1.7 Stealth
 + Level 2.0 Spellcasting
 + Level 1.1 Transmutations
 + Level 3.2 Poison Magic


You had 3 spell levels left.
You knew the following spells:

 Your Spells              Type           Power      Damage    Failure   Level
a - Sting                 Tmut/Pois      32%        1d4       9%          1

Your spell library contained the following spells:

 Spells                   Type           Power      Damage    Failure   Level
 Poisonous Vapours        Pois/Air       12%        N/A       16%         2
 Mephitic Cloud           Conj/Pois/Air  5%         N/A       36%         3
 Olgreb's Toxic Radiance  Pois           12%        N/A       47%         4


Dungeon Overview and Level Annotations

Branches:
Dungeon (1/15)

Altars:


Message History

The bat closely misses you. The bat hits you but does no damage.
Casting: Sting (safe; 9% risk of failure)
Confirm with . or Enter, or press ? or * to list all spells.
Aiming: Sting (safe; 9% risk of failure)
Press: ? - help, Shift-Dir - straight line, f/p - bat
Aim: a bat (52% to hit)
The sting misses the bat.
The bat hits you.
* * * LOW HITPOINT WARNING * * *
The bat barely misses you.
You closely miss the bat. The bat barely misses you.
The bat hits you but does no damage. The bat hits you but does no damage.
The bat closely misses you.
You hit the bat but do no damage. The bat misses you.
The bat hits you but does no damage.
You miss the bat. The bat closely misses you. The bat barely misses you.
You barely miss the bat. The bat hits you but does no damage.
Casting: Sting (safe; 9% risk of failure)
Confirm with . or Enter, or press ? or * to list all spells.
Aiming: Sting (safe; 9% risk of failure)
Press: ? - help, Shift-Dir - straight line, f/p - bat
Aim: a bat (52% to hit)
The sting misses the bat.
The bat closely misses you. The bat barely misses you.
You miss the bat. The bat misses you.
You hit the bat but do no damage. The bat barely misses you.
You hit the bat.
The bat is moderately wounded.
The bat closely misses you. The bat hits you but does no damage.
You closely miss the bat.
The bat is moderately wounded.
The bat hits you.
* * * LOW HITPOINT WARNING * * *
Casting: Sting (safe; 9% risk of failure)
Confirm with . or Enter, or press ? or * to list all spells.
You don't have enough magic to cast this spell.
The bat hits you.
You die...

### ###### ..# #≈≈≈≈#
######### #.####≈≈≈≈###
........# #.##.'≈≈≈≈'.#
......#.#+######.#..#≈≈≈≈#.#
#####..........b@..##≈≈≈≈#.#
# #...............######.#
#.............### #.#
#..........#.## #.#
#.....######.# #.#
##.......####.# #.#
#...............# #.#
+...............# ###.##
#...............# #....#


You could see a bat.

Vanquished Creatures
  A giant cockroach (D:1)
  3 hobgoblins (D:1)
  A goblin (D:1)
  A rat (D:1)
6 creatures vanquished.

Notes
Turn   | Place    | Note
-------+----------+-------------------------------------------
     0 | D:1      | gobodom the Demonspawn Venom Mage began the quest for the
                  | Orb.
     0 | D:1      | Reached XP level 1. HP: 13/13 MP: 3/3
   416 | D:1      | Reached skill level 1 in Transmutations
   568 | D:1      | Slain by a bat

Illustrated notes

Levels and vault maps discovered:
D:1:      arrival_zaba_pyramid, layout_basic, chequers_serial_rivers_room_b,
          minmay_vboxes

Skill      XL: |  1 |
---------------+----+-----
Transmutations | 1 |  1.1
Dodging        | |  1.8
Stealth        | |  1.7
Spellcasting   | |  2.0
Poison Magic   | |  3.2

Action                   || total
-------------------------++-------
Melee: Unarmed           ||    23
 Cast: Sting             ||    12
 Stab: Sleeping          ||     1
Armor: Robe              ||    15
Dodge: Dodged            ||    34
